AoeStats
← jekus

Arabia

504702934Analyzed
1v1 RM · 24d ago on Sep 6, 2026· 21m 24s· 2 players
Game mode
Random Map
Map size
Tiny (2 player)
Population
200
Speed
Normal
Resources
Standard
Victory
Conquest
Starting age
Dark Age
Ending age
Imperial Age
RankedLock teamsTeams togetherTeam positionsShared explorationLock speedFull tech treeHidden civsTurbo modeCheats
Victory
Defeat
🇺🇿 Teutons · Uzbekistan
1116
+16
🇷🇺 Slavs · Russia
1112
-16
jekus
8:23 Loom
10:45 Feudal Age
11:13 Horse Collar
11:20 Double-Bit Axe
21:32 Castle Age
19:55 Bloodlines
19:53 Scale Barding Armor
20:03 Gold Mining
20:31 Forging
21:15 Wheelbarrow
Perchatca
6:41 Loom
9:41 Feudal Age
16:56 Castle Age
15:28 Double-Bit Axe
16:07 Horse Collar
17:20 Bloodlines
17:23 Scale Barding Armor
Connection lost

Rejoining the realm…

Still unreachable

The connection could not be restored.

Session expired

The server has moved on; the page needs a fresh start.